 Dungeon Crawl Stone Soup version 0.19.3-4-gbf9329e (webtiles) character file.

1684 Malhgor the Grappler (level 8, 0/75 HPs)
             Began as a Troll Monk on Jan 30, 2017.
             Was a Believer of Cheibriados.
             Slain by a wight
             ... wielding a +0 spear
              (3 damage)
             ... on level 6 of the Dungeon.
             The game lasted 00:19:22 (4990 turns).

Malhgor the Grappler (Troll Monk)                   Turns: 4990, Time: 00:19:23

Health: 0/75       AC:  5    Str: 25    XL:     8   Next: 71%
Magic:  7/7        EV: 11    Int: 10    God:    Cheibriados [**....]
Gold:   191        SH:  0    Dex: 17    Spells: 0 memorised, 7 levels left

rFire  . . .     SeeInvis .       - Unarmed
rCold  + . .     Gourm    +     D - +0 robe {rC+}
rNeg   . . .     Faith    .     (no shield)
rPois  .         Spirit   .     (helmet restricted)
rElec  .         Reflect  .     (no cloak)
rCorr  .         Harm     .     (gloves unavailable)
MR     .....                    (boots unavailable)
Stlth  +.........               (no amulet)
                                (no ring)
                                (no ring)

@: glowing, drained, very slow
A: unfitting armour, claws 3, fast metabolism 3, gourmand, regeneration 1,
shaggy fur 1, tough skin 2
a: Bend Time, Renounce Religion


You were on level 6 of the Dungeon.
You worshipped Cheibriados.
Cheibriados was pleased with you.
You were not hungry.

You visited 2 branches of the dungeon, and saw 8 of its levels.

You collected 191 gold pieces.

Inventory:

Missiles
 l - 193 stones (quivered)
 v - a throwing net
Armour
 p - a +0 large shield
 D - a +0 robe of cold resistance (worn)
Jewellery
 q - an uncursed ring of wizardry {unknown}
 x - an uncursed ring of protection from fire {unknown}
 y - a +3 ring of strength {unknown}
 E - an uncursed ring of stealth {unknown}
Wands
 m - a wand of paralysis (5/24)
 o - a wand of lightning (9/15)
 B - a wand of polymorph (17/24)
Scrolls
 c - a scroll of enchant armour {unknown}
 e - 2 scrolls of random uselessness {unknown}
 g - 2 scrolls of fear {unknown}
 j - 4 scrolls of identify {unknown}
 r - a scroll of enchant weapon {unknown}
 u - a scroll of remove curse {unknown}
 w - a scroll of teleportation {unknown}
Potions
 d - 2 potions of degeneration {unknown}
 f - 3 potions of curing {unknown}
 i - a potion of cure mutation {unknown}
 k - 2 potions of heal wounds {unknown}
 n - 2 potions of mutation {unknown}
 z - a potion of brilliance {unknown}
 A - a potion of lignification {unknown}
 C - a potion of ambrosia {unknown}
Books
 F - a book of Conjurations

   Spells                             Type                      Level
   a - Magic Dart                     Conjuration                  1
   b - Searing Ray                    Conjuration                  2
   c - Dazzling Spray                 Conjuration/Hexes            3
   d - Fulminant Prism                Conjuration/Hexes            4
   e - Iskenderun's Mystic Blast      Conjuration                  4
   f - Iskenderun's Battlesphere      Conjuration/Charms           5
Comestibles
 a - 3 fruits
 b - 5 bread rations
 h - 4 slices of pizza
 s - 3 meat rations
 t - 3 beef jerkies


   Skills:
 + Level 3.4(2.3) Fighting
 + Level 3.6(2.5) Throwing
 * Level 4.2(3.1) Dodging
 - Level 1.0(0.0) Stealth
 + Level 9.4(8.1) Unarmed Combat


You had 7 spell levels left.
You didn't know any spells.

Dungeon Overview and Level Annotations

Branches:
Dungeon (7/15)             Temple (1/1) D:5

Altars:
Ashenzari
Cheibriados
Dithmenos
Elyvilon
Fedhas
Gozag
Kikubaaqudgha
Makhleb
Okawaru
Qazlal
Ru
Sif Muna
Trog
Uskayaw
Vehumet
Xom
Yredelemnul
The Shining One

Shops:
D:5 :(

Annotations:
D:1 Done
D:2 Done
D:4 Done


Innate Abilities, Weirdness & Mutations

You are too large for most types of armour.
You have claws for hands.
Your metabolism is lightning-fast.
You like to eat raw meat.
Your natural rate of healing is unusually fast.
You are covered in fur. (AC +1)
You have very tough skin. (AC +2)


Message History

The wight misses you.
The wight hits you with an enchanted dire flail!
* * * LOW HITPOINT WARNING * * *
You feel drained.
* * * LOW HITPOINT WARNING * * *
The gnoll hits you from afar with a spear.
* * * LOW HITPOINT WARNING * * *
You scratch the wight.
The wight is heavily damaged.
The wight hits you but does no damage.
You closely miss the wight.
The wight is heavily damaged.
The gnoll misses you.
The gnoll shaman calls down the wrath of its god upon you.
You are outlined in light.
The wight hits you but does no damage.
You claw the wight!
You destroy the wight!
Cheibriados appreciates the change of pace.
The wight hits you from afar with a spear.
You die...

##### ##...#####
#........###
...........#
......>....# ####
#..........# #..#
#..........# ##..##
##.........# #.@..#
..##.....### #.)).#
.....##### ##gzg.#
####...### #..g..##
# ###...###
#..g...# #
###...###......# #
########..........#
#.......##........#
..........##......#


You could see a gnoll shaman, a wight and 3 gnolls.

Vanquished Creatures
  Menkaure (D:4)
  Duvessa (D:5)
  2 ice beasts
  A black bear (D:6)
  A necrophage (D:6)
  3 ogres (D:4)
  Dowan (D:5)
  3 wights (D:6)
  A howler monkey (D:6)
  2 crimson imps
  2 orc priests (D:5)
  4 orc wizards
  A centaur skeleton (D:4)
  Natasha (D:4)
  A worker ant (D:4)
  Robin (D:3)
  12 gnolls
  8 adders
  2 worms
  5 dart slugs
  2 leopard geckos
  10 orcs
  2 bats
  2 giant cockroaches
  16 goblins
  8 hobgoblins
  4 jackals (D:2)
  A quokka (D:2)
  A ball python (D:1)
  3 frilled lizards
  A jackal zombie (D:5)
  11 kobolds
  7 rats
121 creatures vanquished.

Notes
Turn   | Place    | Note
-------+----------+-------------------------------------------
     0 | D:1      | Malhgor the Troll Monk began the quest for the Orb.
     0 | D:1      | Reached XP level 1. HP: 22/22 MP: 0/0
   105 | D:2      | Reached XP level 2. HP: 29/29 MP: 1/1
   215 | D:1      | Reached skill level 4 in Unarmed Combat
   284 | D:1      | Reached XP level 3. HP: 36/36 MP: 2/2
   910 | D:3      | Found a sacrificial altar of Ru.
  1075 | D:2      | Found a bloodstained altar of Trog.
  1089 | D:2      | Reached XP level 4. HP: 41/44 MP: 3/3
  1259 | D:2      | Reached skill level 5 in Unarmed Combat
  1273 | D:2      | Reached skill level 1 in Throwing
  1585 | D:3      | Reached XP level 5. HP: 26/50 MP: 4/4
  1821 | D:4      | Reached skill level 6 in Unarmed Combat
  1978 | D:3      | Noticed Robin
  2011 | D:3      | Killed Robin
  2336 | D:3      | Noticed an ice beast
  2337 | D:3      | Killed an ice beast
  2337 | D:3      | Reached XP level 6. HP: 59/59 MP: 5/5
  2370 | D:4      | Reached skill level 7 in Unarmed Combat
  2435 | D:4      | Reached XP level 7. HP: 66/66 MP: 6/6
  2457 | D:4      | Noticed Menkaure
  2458 | D:4      | Noticed Natasha
  2463 | D:4      | Reached skill level 8 in Unarmed Combat
  2469 | D:4      | Killed Menkaure
  2471 | D:4      | Killed Natasha
  2573 | D:5      | Entered Level 5 of the Dungeon
  3088 | D:4      | Reached skill level 9 in Unarmed Combat
  3215 | D:5      | Reached XP level 8. HP: 48/74 MP: 7/7
  3253 | D:5      | Found an ancient bone altar of Kikubaaqudgha.
  3261 | D:5      | Found Henir's Antique Weapon Emporium.
  3533 | D:5      | Found an iron altar of Okawaru.
  3728 | D:6      | Found a white marble altar of Elyvilon.
  3728 | D:6      | Found a burning altar of Makhleb.
  3788 | D:5      | Found a radiant altar of Vehumet.
  3835 | D:5      | Found Ulierer's Book Emporium.
  3868 | D:5      | Noticed Dowan
  3869 | D:5      | Noticed Duvessa
  3889 | D:5      | Killed Duvessa
  3892 | D:5      | Killed Dowan
  3927 | D:5      | Found a hide-covered altar of Uskayaw.
  4039 | D:5      | Found a blossoming altar of Fedhas.
  4117 | D:5      | Found a staircase to the Ecumenical Temple.
  4126 | Temple   | Entered the Ecumenical Temple
  4197 | Temple   | Became a worshipper of Cheibriados the Contemplative
  4197 | Temple   | Reached * piety under Cheibriados
  4197 | Temple   | Reached ** piety under Cheibriados
  4880 | D:6      | Found a basalt altar of Yredelemnul.
  4987 | D:6      | HP: 2/75 [gnoll/spear (6)]
  4990 | D:6      | Slain by a wight

Skill      XL: |  1  2  3  4  5  6  7  8 |
---------------+-------------------------+-----
Unarmed Combat | 4 5 6 7 9 |  9.4
Throwing       | 1 2 3 |  3.6
Dodging        | 4 |  4.2
Fighting       | 3 |  3.4
Stealth        | |  1.0

Action                   |  1- 3 |  4- 6 |  7- 9 || total
-------------------------+-------+-------+-------++-------
Melee: Unarmed           |    81 |   111 |   133 ||   325
       Punch             |       |     1 |    10 ||    11
Throw: Stone             |       |       |     1 ||     1
 Stab: Sleeping          |     4 |     2 |       ||     6
  Eat: Chunk             |    15 |    13 |    15 ||    43
Armor: Robe              |    24 |    26 |    25 ||    75
Dodge: Dodged            |    33 |    47 |    72 ||   152
